 Dungeon Crawl Stone Soup version 0.30-a0-760-g5a9884bb7c (webtiles) character file.

Game seed: 9996228837231842652

219973 themarg the Severer (level 19, 0/170 HPs)
             Began as a Hill Orc Fighter on Feb 11, 2023.
             Was an Elder of Okawaru.
             Slain by an 18-headed hydra (3 damage)
             ... on level 4 of the Swamp.
             The game lasted 01:44:05 (28402 turns).

themarg the Severer (Hill Orc Fighter)             Turns: 28402, Time: 01:44:06

Health: 0/170      AC: 29    Str: 26    XL:     19   Next: 16%
Magic:  37/37      EV: 20    Int:  7    God:    Okawaru [****..]
Gold:   539        SH: 17    Dex: 23    Spells: 24/24 levels left

rFire   + . .      SeeInvis +    a - +6 broad axe of Riock {elec, rF+ MP+9 Str+2 Dex+3}
rCold   . . .      Faith    .    b - +2 kite shield {reflect}
rNeg    + + +      Spirit   .    v - +6 scale mail of Mitaneni {rN+++ Regen+ SInv Stlth-}
rPois   +          Reflect  +    Z - +2 helmet
rElec   .          Harm     .    K - +2 cloak
rCorr   .          Rampage  .    i - +2 pair of gloves
Will    +....                    w - +2 pair of boots Stlth
                                 h - amulet of regeneration
HPRegen 2.08/turn                N - +6 ring of dexterity
MPRegen 0.25/turn                B - ring of poison resistance

@: no status effects
A: agile 1, weak 1
}: 1/15 runes: serpentine
a: Renounce Religion, Heroism, Finesse


You were on level 4 of the Swamp.
You worshipped Okawaru.
Okawaru was greatly pleased with you.
You visited 5 branches of the dungeon, and saw 30 of its levels.
You visited the Abyss 1 time.
You also visited: Sewer.

You collected 2916 gold pieces.
You spent 2377 gold pieces at shops.

Inventory:

Hand Weapons
 a - the +6 broad axe of Riock (weapon) {elec, rF+ MP+9 Str+2 Dex+3}
   (Okawaru gifted it to you on level 2 of the Lair of Beasts)

   Str:       It affects your strength (+2).
   Dex:       It affects your dexterity (+3).
   rF:        It protects you from fire.
   MP:        It affects your magic capacity (+9).
Missiles
 r - 10 curare-tipped darts
 z - 39 boomerangs (quivered)
 D - 7 atropa-tipped darts
 F - 2 silver javelins
 I - 4 throwing nets
 R - 8 silver boomerangs
 U - a boomerang of dispersal
 X - 16 javelins
Armour
 b - a +2 kite shield of reflection (worn)
 i - a +2 pair of gloves (worn)
 v - the +6 scale mail of Mitaneni (worn) {rN+++ Regen+ SInv Stlth-}
   (You found it on level 3 of the Dungeon)

   rN:        It renders you almost immune to negative energy.
   SInv:      It lets you see invisible.
   Regen:     It increases your rate of health regeneration.
   Stlth:     It makes you less stealthy.
 w - a +2 pair of boots (worn)
 K - a +2 cloak (worn)
 O - a +3 tower shield of fire resistance
 Z - a +2 helmet (worn)
Jewellery
 h - an amulet of regeneration (around neck)
 o - a ring of protection from fire
 B - a ring of poison resistance (right hand)
 N - a +6 ring of dexterity (left hand)
Wands
 e - a wand of digging (9)
 g - a wand of roots (19)
 s - a wand of polymorph (4)
 C - a wand of paralysis (5)
 E - a wand of mindburst (6)
 M - a wand of flame (75)
 V - a wand of acid (11)
Scrolls
 c - 5 scrolls of vulnerability
 f - 3 scrolls of fear
 k - 3 scrolls of immolation
 l - 2 scrolls of silence
 n - 6 scrolls of magic mapping
 p - 7 scrolls of fog
 t - 15 scrolls of teleportation
 y - a scroll of blinking
 J - 3 scrolls of torment
 Q - 5 scrolls of poison
 W - a scroll of enchant weapon
 Y - 3 scrolls of brand weapon
Potions
 d - 6 potions of might
 j - 16 potions of curing
 m - 2 potions of heal wounds
 q - 6 potions of berserk rage
 u - 4 potions of attraction
 x - 6 potions of flight
 A - 7 potions of haste
 G - 2 potions of resistance
 H - 3 potions of lignification
 L - a potion of ambrosia
 P - 2 potions of cancellation
 S - 8 potions of mutation
 T - 2 potions of invisibility


   Skills:
 - Level 15.0 Fighting
 - Level 16.0 Axes
 + Level 11.7 Throwing
 - Level 12.0 Armour
 + Level 13.6 Dodging
 - Level 15.0 Shields
 - Level 3.0 Spellcasting
 + Level 4.4 Translocations
 - Level 12.0 Invocations
 - Level 10.0 Evocations


You had 24 spell levels left.
You didn't know any spells.
Your spell library contained the following spells:

 Spells                   Type           Power      Damage    Failure   Level
 Blink                    Tloc           14%        N/A       28%         2
 Lesser Beckoning         Tloc           14%        N/A       28%         2
 Gell's Gravitas          Tloc           7%         N/A       50%         3
 Teleport Other           Tloc           7%         N/A       50%         3
 Momentum Strike          Conj/Tloc      8%         3d8       56%         2
 Kiss of Death            Conj/Necr      4%         2d5       75%         1
 Ensorcelled Hibernation  Hex/Ice        2%         N/A       86%         2
 Kindle Blastsparks       Fire/Tloc/Air  6%         2d10      88%         3
 Confusing Touch          Hex            1%         N/A       98%         3
 Ignite Poison            Fire/Tmut/Pois 1%         N/A       98%         3
 Inner Flame              Hex/Fire       1%         N/A       98%         3
 Ozocubu's Armour         Ice            1%         N/A       98%         3
 Spider Form              Tmut/Pois      1%         N/A       98%         3
 Airstrike                Air            0%         2d(1-17)  100%        4
 Anguish                  Hex/Necr       0%         N/A       100%        4
 Dispel Undead            Necr           1%         3d6       100%        4
 Flame Wave               Conj/Fire      1%         2d4       100%        4
 Petrify                  Tmut/Erth      1%         N/A       100%        4
 Sticky Flame             Conj/Fire      1%         2d3       100%        4
 Freezing Cloud           Conj/Ice/Air   0%         6-21      100%        5
 Lightning Bolt           Conj/Air       0%         1d11      100%        5
 Metabolic Englaciation   Hex/Ice        0%         N/A       100%        5
 Statue Form              Tmut/Erth      0%         N/A       100%        6
 Ozocubu's Refrigeration  Ice            0%         4d7       100%        7
 Summon Lightning Spire   Summ/Air       Unusable   N/A       N/A         4
 Simulacrum               Ice/Necr       Unusable   N/A       N/A         6

Dungeon Overview and Level Annotations

Branches:
Dungeon (15/15)            Temple (0/1) D:4            Lair (5/5) D:10
  Swamp (4/4) Lair:3        Snake (4/4) Lair:2        Slime (0/5) Lair:5
    Orc (2/2) D:10            Elf (0/3) Orc:2        Vaults (0/5) D:14
 Depths (0/4) D:15          Sewer (visited)

Altars:
Gozag
Makhleb
Okawaru
Qazlal
Uskayaw
Wu Jian
Xom
Yredelemnul
Zin
Beogh
Jiyva

Shops:
D:5 **(   D:6 =   D:7 [   D:14 ?   Orc:2 !?=[*   Snake:2 !   Snake:4 *

Portals:
Trove: D:12 (show abyssal rune of Zot)

Annotations:
Lair:5 1 runed translucent door
Swamp:1 1 exclusion


Innate Abilities, Weirdness & Mutations

You are agile. (Dex +4, Str/Int -1)
You are weak. (Str -2)


Message History

Throw: 39 boomerangs
Press: ? - help, Q - select action, (/) - cycle Shift-Dir - straight line, f/p - 18-headed hydra
Aim: an 18-headed hydra (severely wounded, strong, 85% to hit)
You throw a boomerang. The boomerang hits the 18-headed hydra!
The 18-headed hydra is severely wounded.
The foxfire hits you! You resist.
* * * LOW HITPOINT WARNING * * *
The will-o-the-wisp gestures.
The will-o-the-wisp conjures some foxfire!
The 18-headed hydra barely misses you. You block the 18-headed hydra's attack.
The 18-headed hydra closely misses you.
You block the 18-headed hydra's attack. x2
The 18-headed hydra completely misses you.
The 18-headed hydra barely misses you.
The 18-headed hydra bites you but does no damage.
You block the 18-headed hydra's attack. x2
The 18-headed hydra bites you but does no damage.
You block the 18-headed hydra's attack. The 18-headed hydra misses you.
The 18-headed hydra bites you!
* * * LOW HITPOINT WARNING * * *
The 18-headed hydra bites you!
* * * LOW HITPOINT WARNING * * *
The 18-headed hydra closely misses you.
The 18-headed hydra bites you but does no damage.
The 18-headed hydra closely misses you. 2 foxfires come into view.
You feel much better.
The foxfire hits you but does no damage.
The 18-headed hydra barely misses you. The 18-headed hydra misses you.
You block the 18-headed hydra's attack. x3; The 18-headed hydra bites you.
* * * LOW HITPOINT WARNING * * *
The 18-headed hydra misses you. The 18-headed hydra closely misses you.
The 18-headed hydra bites you but does no damage. x2
The 18-headed hydra completely misses you.
The 18-headed hydra closely misses you. You block the 18-headed hydra's attack.
The 18-headed hydra bites you.
* * * LOW HITPOINT WARNING * * *
You block the 18-headed hydra's attack. The 18-headed hydra bites you!!
* * * LOW HITPOINT WARNING * * *
The 18-headed hydra closely misses you. The 18-headed hydra bites you.
You die...

.~~~.♣♣
..§~~~.
...~~~~♣♣
♣♣~.§~~.♣
~......§♣
~~~~~~..♣
~~~~~~§.♣
§~~~~~.@♣ ~♣
~~~~~~vD♣♣
~~~.
~~§~~~~§.♣♣.~~
~~...~~v§.♣.~
~..~~~~§§§.♣
♣♣.~~§~vD§~♣
♣~~§~~§~§.♣
♣~~§~)<§§♣♣
♣~~~~....♣


You could see a 18-headed hydra (strong), an eight-headed hydra (strong) and a
will-o-the-wisp.

Vanquished Creatures
  A bone dragon (Abyss:2)
  A lich (Abyss:2)
  A tentacled monstrosity (Swamp:2)
  3 tentacled starspawn (Abyss:2)
  Agnes (D:14)
  Roxanne (D:15)
  7 nagarajas
  Aizul (Snake:1)
  2 eleionomae
  2 bunyips
  Azrael (D:15)
  Snorg (Lair:5)
  An ettin (D:15)
  3 vault guards (D:14)
  11 hydras
  A rakshasa (D:13)
  7 centaur warriors
  Erolcha (D:13)
  A ghost crab (Swamp:3)
  A merfolk avatar (Lair:5)
  7 alligators
  12 anacondas
  6 boulder beetles
  3 catoblepae
  21 death yaks
  10 two-headed ogres
  2 ogre magi (Orc:2)
  A thrashing horror (Abyss:2)
  21 naga warriors
  3 tengu warriors
  Sonja (D:12)
  16 naga sharpshooters
  Nergalle (D:10)
  A vampire mage (Swamp:1)
  Urug (Orc:1)
  4 shock serpents
  A wretched star (Abyss:2)
  5 skeletal warriors (D:13)
  A salamander mystic (Snake:2)
  2 goliath frogs (Swamp:3)
  3 deep trolls
  11 sea snakes
  4 bog bodies
  6 naga ritualists
  4 swamp dragons
  5 spriggan druids
  2 spriggan simulacra (D:14)
  2 deep elf zephyrmancers (D:15)
  6 orc sorcerers
  3 wizards
  3 deep elf pyromancers
  Pikel (D:8)
  A harpy (Lair:5)
  4 orc knights
  3 necromancers (D:14)
  5 mana vipers
  5 manticores
  12 ugly things
  4 will-o-the-wisps
  An oklob plant (Swamp:2)
  11 cyclopes
  5 salamanders
  16 naga magi
  2 slime creatures (D:12)
  6 elephants
  An eye of devastation (shapeshifter) (D:14)
  37 black mambas
  7 guardian serpents
  9 cane toads
  2 gargoyles
  3 large abominations (Abyss:2)
  A torpor snail (Lair:4)
  3 unseen horrors
  A rime drake (Lair:4)
  A komodo dragon (shapeshifter) (D:13)
  4 tengu conjurers
  An efreet (D:13)
  10 komodo dragons
  An ancient zyme (Abyss:2)
  10 trolls
  7 polar bears
  3 meliai (D:13)
  5 hornets
  A wind drake (shapeshifter) (D:15)
  Prince Ribbit (Lair:1)
  2 harpy skeletons (Abyss:2)
  11 tyrant leeches
  A wind drake (Lair:5)
  A snapping turtle (Lair:5)
  4 raiju (Abyss:2)
  19 blink frogs
  5 flying skulls (Abyss:2)
  A centaur simulacrum (D:15)
  A dire elephant simulacrum (D:14)
  A spriggan (shapeshifter) (D:10)
  2 vampires (D:12)
  7 spriggans
  3 shadows
  2 wraiths (D:11)
  4 fire elementals
  2 basilisks
  51 yaks
  2 fire bats (Lair:3)
  A wyvern (shapeshifter) (D:14)
  5 wyverns
  17 humans (D:14)
  13 vampire mosquitoes
  4 steam dragons
  3 minotaur simulacra (D:14)
  A neqoxec (Abyss:2)
  2 small abominations (Abyss:2)
  2 wargs (Orc:2)
  53 nagas
  15 two-headed ogre zombies (D:13)
  6 swamp worms
  4 acid dragons
  5 hell hounds (D:15)
  12 water moccasins
  3 swamp drakes
  23 orc warriors
  A black bear (D:7)
  2 ice beasts (D:7)
  4 wolves
  An alligator simulacrum (D:14)
  20 ogres
  13 centaurs
  A lemure (D:8)
  A phantom (D:5)
  A kobold brigand (D:6)
  9 bullfrogs
  2 wyvern zombies (D:7)
  A deep troll simulacrum (D:14)
  4 scorpions
  4 gnoll sergeants
  10 wights
  11 killer bees
  5 howler monkeys
  9 electric eels
  A centaur zombie (D:7)
  A crimson imp (Abyss:2)
  3 lava snakes (Lair:2)
  A bullfrog zombie (D:7)
  2 gnoll boudas
  6 hounds
  3 jellies
  19 orc priests
  5 iguanas
  31 orc wizards
  3 killer bee zombies (D:7)
  An ogre zombie (D:13)
  A howler monkey zombie (D:7)
  A river rat (Sewer)
  7 adders
  27 gnolls
  A shadow imp (D:7)
  A white imp (D:8)
  A worm (D:2)
  4 dart slugs
  75 orcs
  3 bats
  5 endoplasms
  4 giant cockroaches
  31 goblins
  31 hobgoblins
  5 jackals
  7 quokkas
  7 ball pythons
  8 frilled lizards
  10 kobolds
  8 rats
  2 starspawn tentacles (Abyss:2)
1102 creatures vanquished.

Vanquished Creatures (others)
  An alligator (Swamp:1)
  A naga ritualist (Snake:4)
  3 bloated husks
  A tyrant leech (Swamp:1)
  A naga (Snake:2)
  A swamp drake (Swamp:3)
  33 foxfires
  20 fungi
  45 plants
  7 starspawn tentacles (Abyss:2)
113 creatures vanquished.

Grand Total: 1215 creatures vanquished

Notes
Turn   | Place    | Note
-------+----------+-------------------------------------------
     0 | D:1      | themarg the Hill Orc Fighter began the quest for the Orb.
     0 | D:1      | Reached XP level 1. HP: 19/19 MP: 1/1
   125 | D:1      | Reached skill level 3 in Axes
   153 | D:1      | Reached XP level 2. HP: 17/27 MP: 2/2
   520 | D:1      | Reached XP level 3. HP: 33/33 MP: 3/3
   608 | D:2      | Reached skill level 4 in Axes
   879 | D:2      | Found a faded altar of an unknown god.
  1552 | D:3      | Reached XP level 4. HP: 39/40 MP: 4/4
  1556 | D:3      | Found a glowing drain.
  1560 | Sewer    | Entered a sewer
  1985 | D:3      | Reached skill level 5 in Axes
  2014 | D:3      | Found a stormy altar of Qazlal.
  2034 | D:3      | Reached XP level 5. HP: 41/47 MP: 5/5
  2070 | D:3      | Identified the +6 scale mail of Mitaneni {rN+++ Regen+ SInv
                  | Stlth-}
  2449 | D:4      | Found an iron altar of Okawaru.
  2474 | D:4      | Became a worshipper of Warmaster Okawaru
  2520 | D:4      | Reached XP level 6. HP: 54/55 MP: 6/6
  2522 | D:4      | Reached skill level 6 in Axes
  2563 | D:4      | Reached skill level 5 in Fighting
  2994 | D:4      | Found a staircase to the Ecumenical Temple.
  3267 | D:5      | Entered Level 5 of the Dungeon
  3356 | D:5      | Reached skill level 5 in Shields
  3359 | D:5      | Reached skill level 7 in Axes
  3363 | D:5      | Reached XP level 7. HP: 61/61 MP: 7/7
  3563 | D:5      | Found Rucadgha's General Store.
  3563 | D:5      | Found Xielil's Specific Store.
  3571 | D:5      | Bought a scroll of identify for 26 gold pieces
  3571 | D:5      | Bought a scroll of fear for 52 gold pieces
  3571 | D:5      | Bought a potion of flight for 39 gold pieces
  3649 | D:5      | Reached * piety under Okawaru
  3839 | D:5      | Found an ornate altar of the Wu Jian Council.
  3913 | D:5      | Found Leuto's Weapon Boutique.
  4070 | D:6      | Found Idwext's Jewellery Shop.
  4104 | D:6      | Reached skill level 8 in Axes
  4449 | D:6      | Reached skill level 9 in Axes
  4470 | D:6      | Noticed a steam dragon
  4506 | D:6      | Killed a steam dragon
  4506 | D:6      | Reached ** piety under Okawaru
  4507 | D:6      | Reached XP level 8. HP: 65/71 MP: 8/8
  4672 | D:6      | Reached skill level 10 in Axes
  4804 | D:6      | Identified the +5 morningstar of Spores {heavy, rF+ Dex+6}
  5406 | D:7      | Reached skill level 11 in Axes
  5480 | D:7      | Reached *** piety under Okawaru
  5488 | D:7      | Reached XP level 9. HP: 81/81 MP: 9/9
  5488 | D:7      | Found a basalt altar of Yredelemnul.
  5544 | D:7      | Reached skill level 12 in Axes
  5589 | D:7      | Found Seerreb's Armour Boutique.
  5809 | D:7      | Reached skill level 13 in Axes
  5831 | D:7      | Reached **** piety under Okawaru
  6218 | D:7      | Reached skill level 14 in Axes
  6218 | D:7      | Reached skill level 1 in Invocations
  6262 | D:7      | Reached XP level 10. HP: 93/93 MP: 9/11
  6429 | D:8      | Reached skill level 1 in Dodging
  6445 | D:8      | Reached skill level 10 in Fighting
  6654 | D:8      | Noticed Pikel
  6672 | D:8      | Killed Pikel
  6672 | D:8      | Reached ***** piety under Okawaru
  6673 | D:8      | Reached skill level 1 in Throwing
  6808 | D:8      | Noticed a gargoyle
  6827 | D:8      | Killed a gargoyle
  6934 | D:8      | Identified the +2 robe of Greater Demons {Will- Int+7}
                  | (Okawaru gifted it to you on level 8 of the Dungeon)
  6934 | D:8      | Received a gift from Okawaru
  6941 | D:8      | Reached skill level 15 in Axes
  7101 | D:8      | Found a hide-covered altar of Uskayaw.
  7102 | D:8      | Found an opulent altar of Gozag.
  7103 | D:8      | Found a glowing silver altar of Zin.
  7103 | D:8      | Found a shimmering altar of Xom.
  8127 | D:10     | Entered Level 10 of the Dungeon
  8138 | D:10     | Reached XP level 11. HP: 82/99 MP: 14/14
  8147 | D:10     | Reached skill level 5 in Invocations
  8241 | D:10     | Found a staircase to the Lair.
  8349 | D:10     | Reached skill level 5 in Armour
  8462 | D:10     | Noticed a five-headed hydra
  8464 | D:10     | Noticed a boulder beetle
  8476 | D:10     | Killed a five-headed hydra
  8476 | D:10     | Noticed a boulder beetle
  8490 | D:10     | Killed a boulder beetle
  8491 | D:10     | Reached skill level 16 in Axes
  8514 | D:10     | Killed a boulder beetle
  8514 | D:10     | Received a gift from Okawaru
  8571 | D:10     | Identified the +5 glaive of Offence {freeze, Will+ Dex+3}
  8733 | D:10     | Noticed Nergalle
  8759 | D:10     | Killed Nergalle
  8878 | D:10     | Found a staircase to the Orcish Mines.
  9231 | D:11     | Noticed a boulder beetle
  9253 | D:11     | Killed a boulder beetle
  9268 | D:11     | Noticed a two-headed ogre
  9274 | D:11     | Killed a two-headed ogre
  9274 | D:11     | Received a gift from Okawaru
  9319 | D:11     | Reached ****** piety under Okawaru
  9320 | D:11     | Reached XP level 12. HP: 102/106 MP: 17/17
  9701 | D:11     | Reached skill level 5 in Throwing
 10021 | Lair:1   | Entered Level 1 of the Lair of Beasts
 10120 | Lair:1   | Noticed Prince Ribbit
 10129 | Lair:1   | Reached skill level 5 in Dodging
 10155 | Lair:1   | Killed Prince Ribbit
 10409 | Lair:1   | Received a gift from Okawaru
 10927 | Lair:2   | Identified the +6 broad axe of Riock {elec, rF+ MP+9 Str+2
                  | Dex+3} (Okawaru gifted it to you on level 2 of the Lair of
                  | Beasts)
 10927 | Lair:2   | Received a gift from Okawaru
 11063 | Lair:2   | Noticed a catoblepas
 11072 | Lair:2   | Killed a catoblepas
 11168 | Lair:2   | Found a staircase to the Snake Pit.
 11192 | Lair:2   | Reached skill level 10 in Invocations
 11462 | Lair:3   | Noticed a death yak
 11464 | Lair:3   | Noticed a death yak
 11464 | Lair:3   | Noticed a death yak
 11530 | Lair:3   | Killed a death yak
 11531 | Lair:3   | Reached XP level 13. HP: 113/113 MP: 21/21
 11537 | Lair:3   | Received a gift from Okawaru
 11580 | Lair:3   | Reached skill level 10 in Shields
 11670 | Lair:3   | Found a staircase to the Swamp.
 11849 | Lair:3   | Received a gift from Okawaru
 11943 | Lair:3   | You fall into a shaft and drop 2 floors!
 11943 | Lair:5   | Entered Level 5 of the Lair of Beasts
 11961 | Lair:5   | Received a gift from Okawaru
 12023 | Arena    | Entered the Arena
 13244 | Lair:5   | Reached XP level 14. HP: 126/126 MP: 23/23
 13366 | Lair:5   | Received a gift from Okawaru
 13478 | Lair:5   | Received a gift from Okawaru
 13513 | Lair:5   | Noticed Snorg
 13528 | Lair:5   | Killed Snorg
 13746 | Lair:5   | Found a runed translucent door.
 13818 | Lair:5   | Reached skill level 15 in Fighting
 13925 | Lair:5   | Reached skill level 1 in Evocations
 13996 | Lair:5   | Received a gift from Okawaru
 14013 | Lair:5   | Reached skill level 5 in Evocations
 14353 | Lair:5   | Identified the +5 trident "Reria" {flame, rCorr}
 14600 | Lair:5   | Found a viscous altar of Jiyva.
 14602 | Lair:5   | Found a staircase to the Slime Pits.
 14619 | Lair:5   | Received a gift from Okawaru
 14989 | D:12     | HP: 6/135 [vampire (7)]
 15230 | D:12     | Noticed Sonja
 15233 | D:12     | Killed Sonja
 15355 | D:12     | Found a portal to a secret trove of treasure.
 15755 | Orc:1    | Entered Level 1 of the Orcish Mines
 15755 | Orc:1    | Noticed Urug
 15764 | Orc:1    | Killed Urug
 15843 | Orc:1    | Reached XP level 15. HP: 139/141 MP: 24/24
 16110 | Orc:2    | Entered Level 2 of the Orcish Mines
 16110 | Orc:2    | Found Lausekeaq's Distillery.
 16110 | Orc:2    | Found Vih Wuq's Jewellery Emporium.
 16121 | Arena    | Entered the Arena
 16157 | Orc:2    | Paralysed by an ogre mage for 5 turns
 16163 | Arena    | Entered the Arena
 16163 | Arena    | HP: 6/141 [deep troll (4)]
 16194 | Orc:2    | Reached skill level 10 in Evocations
 16197 | Orc:2    | Identified the +6 arbalest "Kiosch" {speed, rF- rC+++}
                  | (Okawaru gifted it to you on level 2 of the Orcish Mines)
 16197 | Orc:2    | Received a gift from Okawaru
 16202 | Orc:2    | Found Hukeh's Antique Armour Boutique.
 16327 | Orc:2    | Bought a potion of curing for 51 gold pieces
 16327 | Orc:2    | Bought 2 potions of curing for 102 gold pieces
 16327 | Orc:2    | Bought a potion of heal wounds for 85 gold pieces
 16331 | Orc:2    | Found Ucar's Magic Scroll Emporium.
 16348 | Orc:2    | Found a staircase to the Elven Halls.
 16349 | Orc:2    | Bought a scroll of poison for 52 gold pieces
 16349 | Orc:2    | Bought a scroll of teleportation for 39 gold pieces
 16349 | Orc:2    | Bought a scroll of fog for 52 gold pieces
 16353 | Orc:2    | Found a burning altar of Makhleb.
 16373 | Orc:2    | Found Zoakhaof's Assorted Antiques.
 16394 | Orc:2    | Bought a potion of curing for 87 gold pieces
 16394 | Orc:2    | Bought a scroll of identify for 58 gold pieces
 16394 | Orc:2    | Bought a scroll of teleportation for 87 gold pieces
 16394 | Orc:2    | Bought a potion of might for 116 gold pieces
 16394 | Orc:2    | Bought a potion of curing for 87 gold pieces
 16621 | Orc:2    | Found a roughly hewn altar of Beogh.
 16956 | Orc:2    | Bought an amulet of regeneration for 450 gold pieces
 17192 | D:13     | Received a gift from Okawaru
 17246 | D:13     | Reached skill level 10 in Armour
 17627 | D:13     | Reached skill level 1 in Spellcasting
 17852 | D:13     | Received a gift from Okawaru
 17954 | D:13     | Reached XP level 16. HP: 149/149 MP: 25/25
 17973 | D:13     | Noticed Erolcha
 17980 | D:13     | Killed Erolcha
 17980 | D:13     | Identified the +1 plate armour of Red Joy {rC- Will++}
                  | (Okawaru gifted it to you on level 13 of the Dungeon)
 17980 | D:13     | Received a gift from Okawaru
 18647 | D:14     | Noticed Agnes
 18654 | D:14     | Killed Agnes
 18679 | D:14     | Found Igiop's Magic Scroll Emporium.
 18703 | D:14     | Bought 3 scrolls of magic mapping for 315 gold pieces
 18703 | D:14     | Bought a scroll of teleportation for 42 gold pieces
 18703 | D:14     | Bought a scroll of blinking for 105 gold pieces
 18703 | D:14     | Bought a scroll of fog for 56 gold pieces
 18892 | Abyss:2  | Found a corrupted altar of Lugonu.
 18892 | Abyss:2  | Cast into level 2 of the Abyss (a wizard)
 18931 | Abyss:2  | Found a corrupted altar of Lugonu.
 18989 | Abyss:2  | Noticed a lich
 19000 | Abyss:2  | Killed a lich
 19083 | Abyss:2  | Noticed a tentacled starspawn
 19091 | Abyss:2  | Killed a tentacled starspawn
 19103 | Abyss:2  | Noticed a tentacled starspawn
 19139 | Abyss:2  | Killed a tentacled starspawn
 19163 | Abyss:2  | Gained mutation: You are very frail. (-20% HP) [a neqoxec]
 19164 | Abyss:2  | Gained mutation: Potions are less effective at restoring
                  | your health. [a neqoxec]
 19215 | Abyss:2  | Noticed a bone dragon
 19240 | Abyss:2  | Killed a bone dragon
 19273 | Abyss:2  | Noticed a tentacled starspawn
 19279 | Abyss:2  | Killed a tentacled starspawn
 19289 | Abyss:2  | Found a corrupted altar of Lugonu.
 19336 | D:14     | Escaped the Abyss
 19356 | D:14     | Found a gate to the Vaults.
 19360 | D:14     | Received a gift from Okawaru
 19381 | D:14     | Lost mutation: Potions are less effective at restoring your
                  | health. [potion of mutation]
 19381 | D:14     | Lost mutation: You are frail. (-10% HP) [potion of
                  | mutation]
 19381 | D:14     | Gained mutation: You are weak. (Str -2) [potion of
                  | mutation]
 19381 | D:14     | Gained mutation: You are agile. (Dex +4, Str/Int -1)
                  | [potion of mutation]
 19648 | D:14     | Received a gift from Okawaru
 19765 | D:15     | Entered Level 15 of the Dungeon
 19795 | D:15     | Reached skill level 10 in Dodging
 19879 | D:15     | Found a staircase to the Depths.
 19959 | D:15     | Noticed Azrael
 19974 | D:15     | Killed Azrael
 20122 | D:15     | Noticed Roxanne
 20140 | D:15     | Killed Roxanne
 20181 | D:15     | Reached XP level 17. HP: 156/156 MP: 26/26
 20763 | Snake:1  | Entered Level 1 of the Snake Pit
 20832 | Snake:1  | Identified the +4 dagger of Paper {flame, *Slow rElec
                  | Dex+6}
 21242 | Snake:1  | Noticed Aizul
 21257 | Snake:1  | Killed Aizul
 21994 | Snake:2  | Found Abbukav's Distillery.
 22008 | Snake:2  | Bought a potion of haste for 140 gold pieces
 22008 | Snake:2  | Bought a potion of curing for 42 gold pieces
 22008 | Snake:2  | Bought a potion of heal wounds for 70 gold pieces
 22008 | Snake:2  | Bought a potion of curing for 42 gold pieces
 22008 | Snake:2  | Bought a potion of heal wounds for 70 gold pieces
 22008 | Snake:2  | Bought a potion of ambrosia for 112 gold pieces
 22112 | Snake:2  | Received a gift from Okawaru
 22740 | Snake:2  | Received a gift from Okawaru
 23792 | Snake:3  | Reached skill level 10 in Throwing
 23938 | Snake:3  | Reached XP level 18. HP: 149/163 MP: 27/27
 24574 | Swamp:1  | Entered Level 1 of the Swamp
 25688 | Swamp:2  | Noticed a tentacled monstrosity
 25700 | Swamp:2  | Killed a tentacled monstrosity
 26149 | Swamp:3  | Received a gift from Okawaru
 26526 | Swamp:3  | Reached skill level 1 in Translocations
 26654 | Swamp:3  | Identified the +1 ring mail of the Sacrificial Victim {Fly
                  | rF+ Will+}
 27068 | Snake:4  | Entered Level 4 of the Snake Pit
 27230 | Snake:4  | Reached skill level 15 in Shields
 27247 | Snake:4  | Found Xuhov's Assorted Antiques.
 27272 | Snake:4  | Received a gift from Okawaru
 27908 | Snake:4  | Received a gift from Okawaru
 27909 | Snake:4  | Reached XP level 19. HP: 129/170 MP: 28/28
 27926 | Arena    | Entered the Arena
 27963 | Snake:4  | Received a gift from Okawaru
 27973 | Snake:4  | Got a serpentine rune of Zot
 28369 | Swamp:4  | Entered Level 4 of the Swamp
 28402 | Swamp:4  | HP: 3/170 [18-headed hydra (18)]
 28402 | Swamp:4  | Slain by an 18-headed hydra

Illustrated notes

Levels and vault maps discovered:
D:1:      dpeg_arrival_more_subterranean_lakeside_camping, layout_rooms,
          minmay_pentomino_t2
D:2:      layout_loops_corners, shapermc_ecumenical_altar_pompeii,
          skrybe_limestone_x, st_stairs_4
D:3:      layout_rooms, mainiacjoe_overflow_paths, gup_sewer_entry_bowl,
          serial_rivers, chequers_serial_rivers_large_a,
          chequers_serial_rivers_small_a, chequers_serial_rivers_small_3,
          chequers_serial_rivers_micro_b
D:4:      layout_basic, okawaru_trees_1, minmay_temple_entry_from_below_a,
          supply_closet_lemuel
D:5:      layout_gridville, nzn_wu_jian_contemplation, serial_shops,
          nicolae_shop_bloodbath_and_beyond, nicolae_specific_store
D:6:      minmay_goblin_kobold_castle, layout_loops_corners,
          nicolae_take_the_stairs
D:7:      layout_cave_pools, nicolae_yredelemnul_corpse_copse,
          serial_gnoll_camp, gnoll_camp_huts_moat, gnoll_camp_mini_shop,
          gnoll_camp_mini_loothouse, gnoll_camp_mini_hut,
          chequers_decorated_corner
D:8:      layout_basic, mainiacjoe_overflow_alcove_3, uniq_pikel
D:9:      layout_loops_ring
D:10:     minmay_blocky_corners, layout_loops_ring, lair_entry_dummy,
          david_orc_4, uniq_nergalle
D:11:     layout_loops_ring, minmay_misc_feat_cross
D:12:     layout_roguey, nicolae_trove_entry_free_sample, uniq_sonja
D:13:     lemuel_ogre_cave, layout_gridville, minmay_pinched_square
D:14:     layout_loops_cross, grunt_vaults_entry_tiered,
          portal_ice_cave_entry_ice_simulacra, serial_shops,
          nicolae_shop_crystal, uniq_agnes
D:15:     hangedman_depths_entry_civil_slaughter, layout_irregular_city,
          uniq_azrael, uniq_roxanne
Lair:1:   layout_regular_city, uniq_prince_ribbit2
Lair:2:   layout_big_grid, nicolae_snake_entry_warm_welcome,
          serial_bayou_shore_a
Lair:3:   layout_gridlike, skrybe_swamp_entry_bodies, serial_bayou_crossing,
          infiniplex_staircase_pool_2
Lair:4:   layout_misc_corridors, nicolae_quartered_pool_medium
Lair:5:   gammafunk_lair_ancient_temple, layout_regular_city, slime_entry_2,
          uniq_snorg
Swamp:1:  layout_basic_swamp, evilmike_swamp_ruin_rubble_2, swamp_pool1,
          cheibrodos_swamp_pet_leeches
Swamp:2:  layout_basic_swamp, evilmike_swamp_ruin_house_5, swamp_pool2,
          nicolae_swamp_oklob_treasure_island
Swamp:3:  layout_basic_swamp, evilmike_swamp_ruin_house_1, swamp_pool4,
          nicolae_swamp_dense_foliage
Swamp:4:  swamp_old_school, layout_basic_swamp
Snake:1:  layout_rooms, st_stairs_13, chequers_hall_statues_corner_a, uniq_aizul
Snake:2:  nicolae_snake_hallway, layout_chambers, library_closet,
          nicolae_snake_single_loop, nicolae_snake_gridmaze_zigzag,
          grunt_ministairs_3, nicolae_stop_n_shop_1
Snake:3:  layout_grid_maze
Snake:4:  grunt_snake_rune_pools, layout_misc_corridors, serial_shops,
          nicolae_shop_overgrown_old_shop, serial_bayou_ford_a,
          lemuel_fruit_tree, serial_bayou_shore_b
Orc:1:    layout_caves, uniq_urug
Orc:2:    st_orc_open, layout_caves, basic_altar, serial_shops,
          nicolae_shop_window_shopping, bloody_makhleb

Skill      XL: |  1  2  3  4  5  6  7  8  9 10 11 12 13 14 15 16 17 18 19 |
---------------+----------------------------------------------------------+-----
Axes           | 3 4 5 7 9 11 14 15 16 | 16.0
Fighting       | 4 5 6 8 9 10 12 15 | 15.0
Shields        | 4 5 6 9 13 15 | 15.0
Invocations    | 1 4 7 10 12 | 12.0
Dodging        | 3 4 5 10 12 13 | 13.6
Throwing       | 3 4 6 10 11 | 11.7
Armour         | 4 7 12 | 12.0
Evocations     | 8 10 | 10.0
Spellcasting   | 2 3 |  3.0
Translocations | 3 4 |  4.4

Action                     |  1- 3 |  4- 6 |  7- 9 | 10-12 | 13-15 | 16-18 | 19-21 || total
---------------------------+-------+-------+-------+-------+-------+-------+-------++-------
  Melee: War axe           |    82 |   193 |   456 |   658 |       |       |       ||  1389
         Morningstar       |       |       |       |     6 |    13 |    19 |       ||    38
         Broad axe         |       |       |       |    77 |   839 |  1383 |    52 ||  2351
  Throw: Dart              |       |       |       |    10 |     8 |       |       ||    18
         Stone             |       |       |       |     7 |       |       |       ||     7
         Boomerang         |       |       |       |       |    17 |    28 |     4 ||    49
         Javelin           |       |       |       |       |     8 |    11 |       ||    19
 Invoke: Heroism           |       |       |       |     2 |     6 |    14 |     1 ||    23
         Finesse           |       |       |       |     1 |     5 |    14 |     1 ||    21
         Duel              |       |       |       |       |     3 |       |     1 ||     4
  Evoke: Wand              |       |       |       |     5 |    15 |     1 |       ||    21
    Use: Scroll            |       |       |    13 |     8 |    16 |     6 |     2 ||    45
         Potion            |       |       |       |       |    10 |     1 |     6 ||    17
   Stab: Confused          |       |       |       |       |       |     2 |       ||     2
 Armour: Scale mail        |    50 |    92 |   285 |   259 |   332 |   576 |    80 ||  1674
  Dodge: Dodged            |    31 |    87 |   214 |   266 |   315 |   649 |   113 ||  1675
  Block: Buckler           |    19 |    43 |   119 |   140 |    47 |       |       ||   368
         Kite shield       |       |       |       |       |   391 |  1035 |   123 ||  1549
         Reflection        |       |       |       |       |       |    25 |     8 ||    33

Table legend: (Time is in decaauts)
 A = Elapsed time spent in this place.
 B = Non-inter-level travel time spent in this place.
 C = Inter-level travel time spent in this place.
 D = Time resting spent in this place.
 E = Time spent auto-exploring this place.
 F = Levels seen in this place.
 G = Mean time per level.
                   A        B        C        D        E       F      G
               +--------+--------+--------+--------+--------+-----+--------+
         Total |  28190 |  25533 |   2657 |    360 |  18304 |  36 |  783.1 |
       Dungeon |  14028 |  12846 |   1182 |     78 |   9586 |  15 |  935.2 |
          Lair |   5024 |   4331 |    693 |    125 |   3070 |   5 | 1004.8 |
         Swamp |   2590 |   2327 |    263 |     26 |   1787 |   4 |  647.5 |
     Snake Pit |   4453 |   4080 |    373 |     76 |   2939 |   4 | 1113.2 |
  Orcish Mines |   1179 |   1035 |    144 |     52 |    672 |   2 |  589.5 |
         Abyss |    415 |    415 |      0 |      0 |     12 |   1 |  415.0 |
         Sewer |    411 |    411 |      0 |      0 |    236 |   1 |  411.0 |
         Arena |     87 |     87 |      0 |      3 |      0 |   4 |   21.8 |
               +--------+--------+--------+--------+--------+-----+--------+

Top non-repeatable levels by time:
  Lair:5: 1490 daAuts
 Snake:2: 1453 daAuts
    D:13: 1433 daAuts
     D:6: 1363 daAuts
    D:10: 1309 daAuts
 Snake:3: 1158 daAuts
 Snake:4: 1080 daAuts
     D:8: 1062 daAuts
  Lair:3: 1060 daAuts
     D:7: 986 daAuts
  Lair:1: 941 daAuts
    D:11: 937 daAuts
     D:2: 930 daAuts
 Swamp:1: 923 daAuts
    D:14: 913 daAuts
